 Dungeon Crawl Stone Soup version 0.29.1-2-gbd0b4ee654 (webtiles) character file.

Game seed: 1281912039802774591

52 Icepheonix32 the Insei (level 3, -1/27 HPs)
             Began as a Demigod Transmuter on Nov 4, 2022.
             Slain by a hound (3 damage)
             ... on level 3 of the Dungeon.
             The game lasted 00:01:45 (2185 turns).

Icepheonix32 the Insei (Demigod Transmuter)         Turns: 2185, Time: 00:01:46

Health: -1/27      AC:  3    Str: 11    XL:     3   Next: 39%
Magic:  8/8        EV: 12    Int: 19    God:
Gold:   96         SH:  0    Dex: 14    Spells: 0/6 levels left

rFire   . . .      SeeInvis .     - Unarmed
rCold   . . .      Faith    .   (no shield)
rNeg    . . .      Spirit   .   a - +0 robe
rPois   .          Reflect  .   (helmet currently unavailable)
rElec   .          Harm     .   h - +0 cloak
rCorr   .          Rampage  .   (no gloves)
Will    .....                   (boots currently unavailable)
Stlth   +.........              f - amulet of magic regeneration
HPRegen 0.09/turn               (no ring)
MPRegen 0.51/turn               (no ring)

@: appendages (expiring)
A: horns 2, talons 2, high MP 1, forlorn, divine attributes
a: End Transformation


You were on level 3 of the Dungeon.
You had temporarily grown beastly horns and talons.
You visited 1 branch of the dungeon, and saw 3 of its levels.

You collected 96 gold pieces.

Inventory:

Armour
 a - a +0 robe (worn)
 h - a +0 cloak (worn)
Jewellery
 f - an amulet of magic regeneration (around neck)
 o - an amulet of reflection
Scrolls
 c - 2 scrolls of summoning {unknown}
 e - 2 scrolls of enchant weapon {unknown}
 g - 2 scrolls of amnesia {unknown}
 i - a scroll of identify {unknown}
 j - a scroll of butterflies {unknown}
 n - a scroll of teleportation {unknown}
 p - a scroll of blinking {unknown}
 q - a scroll of fear {unknown}
Potions
 b - a potion of lignification
 d - a potion of brilliance {unknown}
 k - a potion of might {unknown}
 l - a potion of invisibility {unknown}
 m - 2 potions of degeneration {unknown}


   Skills:
 - Level 0.8 Fighting
 + Level 2.0 Dodging
 + Level 3.2 Unarmed Combat
 + Level 2.1 Spellcasting
 * Level 2.6 Transmutations
 * Level 0.1 Poison Magic


You couldn't memorise any spells.
You knew the following spells:

 Your Spells              Type           Power      Damage    Failure   Level
a - Beastly Appendage     Tmut           24%        N/A       5%          1
b - Spider Form           Tmut/Pois      7%         N/A       28%         3
c - Wereblood             Tmut           12%        N/A       9%          2

Your spell library contained the following spells:

 Spells                   Type           Power      Damage    Failure   Level
 Static Discharge         Conj/Air       1%         3-4/arc   26%         2
 Ice Form                 Ice/Tmut       7%         N/A       67%         4
 Dispel Undead            Necr           1%         3d6       86%         4
 Sticky Flame             Conj/Fire      1%         2d3       86%         4


Dungeon Overview and Level Annotations

Branches:
Dungeon (3/15)


Innate Abilities, Weirdness & Mutations

You have temporarily grown beastly horns and talons.
You have an increased reservoir of magic. (+10% MP)
You shall have no god before yourself.
Your divine heritage dramatically boosts your attributes as you level up.


Message History

You climb downwards.
There is a stone staircase leading up here.
You open the door.
There is an open door here.
A hound comes into view.
A hound is nearby!
A hound is nearby!
The hound barks!
You grow a pair of large bovine horns.
Your feet morph into talons.
Your transformation is almost over.
You barely miss the hound. Your headbutt misses the hound. The hound bites you.
You miss the hound. The hound barely misses you. The hound bites you.
You hit the hound but do no damage. Your kick misses the hound.
Your headbutt misses the hound. Your punch misses the hound.
The hound bites you.
You closely miss the hound. The hound bites you. The hound barely misses you.
You are too injured to fight recklessly!
You are too injured to fight recklessly!
You are too injured to fight recklessly!
You are too injured to fight recklessly!
You are too injured to fight recklessly!
You are too injured to fight recklessly!
You are too injured to fight recklessly!
You are too injured to fight recklessly!
You are too injured to fight recklessly!
You are too injured to fight recklessly!
You are too injured to fight recklessly!
You are too injured to fight recklessly!
You are too injured to fight recklessly!
You miss the hound. Your kick misses the hound. Your headbutt misses the hound.
The hound bites you.
* * * LOW HITPOINT WARNING * * *
You closely miss the hound. Your kick misses the hound. The hound bites you.
* * * LOW HITPOINT WARNING * * *
You barely miss the hound. You claw the hound, but do no damage.
You headbutt the hound, but do no damage.
The hound bites you.
* * * LOW HITPOINT WARNING * * *
The hound bites you.
You die...

.# #.# ..## ...
##.. ######..
#..<##h# ##+
#...##@#.....
#...'.........
#...##.##.##.#
.....#...... ..
..###+#+#####.###
#


You could see a hound.

Vanquished Creatures
  2 adders (D:2)
  2 dart slugs
  2 bats
  3 endoplasms (D:2)
  A giant cockroach (D:1)
  4 goblins
  2 hobgoblins
  3 kobolds
  A quokka (D:1)
  3 ball pythons
  2 frilled lizards
  4 rats (D:1)
29 creatures vanquished.

Notes
Turn   | Place    | Note
-------+----------+-------------------------------------------
     0 | D:1      | Icepheonix32 the Demigod Transmuter began the quest for the
                  | Orb.
     0 | D:1      | Reached XP level 1. HP: 15/15 MP: 5/5
   494 | D:1      | Reached XP level 2. HP: 18/22 MP: 5/7
   754 | D:1      | Reached skill level 3 in Unarmed Combat
  1653 | D:2      | Reached XP level 3. HP: 20/27 MP: 8/8
  1929 | D:2      | Learned a level 3 spell: Spider Form
  1932 | D:2      | Learned a level 2 spell: Wereblood
  2185 | D:3      | Slain by a hound

Illustrated notes

Levels and vault maps discovered:
D:1:      minmay_arrival_four_circles, layout_basic, minivault_25,
          due_unseen_surprise
D:2:      layout_rooms, hellmonk_ecumenical_altar_inner_sanctum
D:3:      layout_basic, overflow_temple_1_default, serial_shops,
          nicolae_diamond_shop, minmay_strange_pillars,
          kennysheep_generic_room_6

Skill      XL: |  1  2 |
---------------+-------+-----
Transmutations | 2 |  2.6
Dodging        | 2 |  2.0
Unarmed Combat | 3 |  3.2
Spellcasting   | 2 |  2.1
Fighting       | |  0.8
Poison Magic   | |  0.1

Action                   || total
-------------------------++-------
Melee: Unarmed           ||    88
       Kick              ||    13
       Headbutt          ||     8
       Punch             ||     1
 Cast: Beastly Appendage ||    24
Armor: Robe              ||    12
Dodge: Dodged            ||    47
